 Dungeon Crawl Stone Soup version 0.16-a0-890-g98fc465 (webtiles) character file.

1191 Ololoev the Carver (level 8, -7/63 HPs)
             Began as a Centaur Fighter on Sept 29, 2014.
             Mangled by Menkaure (20 damage)
             ... on Level 7 of the Dungeon.
             The game lasted 00:33:18 (7415 turns).

Ololoev the Carver (Centaur Fighter)                Turns: 7415, Time: 00:33:18

HP  -7/63        AC  8     Str 19      XL: 8   Next: 20%
MP   6/6         EV  6     Int  7      God:
Gold 349         SH  4     Dex 11      Spells:  0 memorised,  7 levels left

rFire  . . .     SeeInvis .     a - +0 long sword
rCold  . . .     Clarity  .     b - +0 scale mail
rNeg   + + .     rCorr    .     C - +0 buckler
rPois  .         rRot     .     (no helmet)
rElec  .         Spirit   .     r - +0 cloak
SustAb .         Warding  +     u - +0 pair of gloves
rMut   .         Stasis   .     (no barding)
Gourm  .                        j - amulet of warding
MR     .....                    (no ring)
                                E - ring of positive energy

@: very quick, not resistant to hostile enchantments, extremely unstealthy
A: hooves 3, deformed body, speed 2, tough skin 3
a: no special abilities


You were on level 7 of the Dungeon.
You were hungry.

You visited 2 branches of the dungeon, and saw 8 of its levels.

You collected 349 gold pieces.

Inventory:

Hand weapons
 a - a +0 long sword (weapon)
 s - a +0 scimitar
Missiles
 l - 4 poisoned javelins (quivered)
Armour
 b - a +0 scale mail (worn)
 r - a +0 cloak (worn)
 u - a +0 pair of gloves (worn)
 C - a +0 buckler (worn)
Comestibles
 d - 2 bread rations
 h - 4 fruits
 w - 2 slices of pizza
 x - 4 meat rations
 D - 2 beef jerkies
Scrolls
 c - a scroll of blinking
 i - 2 scrolls of teleportation {unknown}
 k - a scroll of fear {unknown}
 m - 2 scrolls of immolation {unknown}
 q - 2 scrolls of enchant armour
 t - 2 scrolls of remove curse
 y - a scroll of amnesia {unknown}
 F - a scroll of recharging {unknown}
 G - 2 scrolls of fog {unknown}
Jewellery
 j - an amulet of warding (around neck)
 E - a ring of positive energy (left hand)
Potions
 e - 3 potions of might
 f - a potion of resistance
 g - 2 potions of heal wounds
 n - a potion of curing
 o - 2 potions of flight
 p - 2 potions of restore abilities
 v - a potion of confusion {unknown}
 z - a potion of agility
 A - a potion of brilliance {unknown}


   Skills:
 - Level 3.0 Fighting
 + Level 9.2 Long Blades
 - Level 2.1 Armour
 - Level 2.1 Shields


You had 7 spell levels left.
You didn't know any spells.

Dungeon Overview and Level Annotations

Branches:
Dungeon (7/15)             Temple (1/1) D:4

Altars:
Ashenzari
Cheibriados
Dithmenos
Elyvilon
Fedhas
Gozag
Kikubaaqudgha
Makhleb
Nemelex Xobeh
Qazlal
Ru
Sif Muna
Trog
Vehumet
Xom
Yredelemnul
The Shining One

Annotations:
D:7 Menkaure


Innate Abilities, Weirdness & Mutations

You have hooves in place of feet.
Armour fits poorly on your strangely shaped body.
You cover ground very quickly.
You have extremely tough skin (AC +3).


Message History

You are too injured to fight recklessly!
You are too injured to fight recklessly!
Your scale mail prevents you from hitting Menkaure.
Menkaure is lightly damaged.
You block Menkaure's attack.
You hit Menkaure but do no damage. Your kick misses Menkaure.
Menkaure is lightly damaged.
Menkaure gestures at you while chanting.
Pain shoots through your body!
* * * LOW HITPOINT WARNING * * *
You hit Menkaure.
Menkaure is lightly damaged.
You slash Menkaure!
Menkaure is heavily damaged.
Menkaure hits you.
* * * LOW HITPOINT WARNING * * *
You slash Menkaure! Your kick misses Menkaure.
Menkaure is almost destroyed.
Menkaure hits you!!
You die...

#####
.... #..
### #M#
#<# #@#
#.# #.#
#.####[#
#......#
########


You could see Menkaure.

Vanquished Creatures
  An orc warrior (D:3)
  A black bear (D:5)
  2 giant frogs (D:6)
  2 scorpions (D:4)
  A crimson imp (D:5)
  5 hounds
  Crazy Yiuf (D:2)
  An iguana (D:4)
  2 orc priests
  6 orc wizards
  2 worker ants
  Ijyb (D:5)
  A hound skeleton (D:4)
  3 gnolls (D:4)
  7 adders
  A scorpion zombie (D:6)
  A shadow imp (D:6)
  A giant mite (D:1)
  A worm (D:2)
  An orc zombie (D:5)
  An adder zombie (D:5)
  2 giant geckos
  20 orcs
  11 bats
  A bat skeleton (D:4)
  2 gnoll zombies (D:4)
  10 goblins
  13 hobgoblins
  5 jackals
  11 kobolds
  An ooze (D:4)
  4 quokkas
  4 ball pythons
  4 giant cockroaches
  A giant gecko skeleton (D:4)
  5 giant newts
  A jackal zombie (D:5)
  2 orc skeletons (D:5)
  12 rats
  A bush (D:2)
152 creatures vanquished.

Vanquished Creatures (others)
  An orc (D:6)
1 creature vanquished.

Grand Total: 153 creatures vanquished

Notes
Turn   | Place    | Note
--------------------------------------------------------------
     0 | D:1      | Ololoev, the Centaur Fighter, began the quest for the Orb.
     0 | D:1      | Reached XP level 1. HP: 19/19 MP: 1/1
   250 | D:1      | Reached XP level 2. HP: 13/26 MP: 2/2
  1338 | D:2      | Reached XP level 3. HP: 26/31 MP: 3/3
  2374 | D:2      | Noticed Crazy Yiuf
  2379 | D:2      | Killed Crazy Yiuf
  2379 | D:2      | Reached skill level 4 in Long Blades
  2379 | D:2      | Reached XP level 4. HP: 38/38 MP: 3/3
  2589 | D:3      | Found a shattered altar of Ashenzari.
  2713 | D:3      | Noticed an orc warrior
  2760 | D:3      | Reached XP level 5. HP: 45/45 MP: 4/4
  2763 | D:3      | HP: 2/45 [orc warrior/scimitar (18)]
  2775 | D:3      | Killed an orc warrior
  2775 | D:3      | Reached skill level 5 in Long Blades
  3199 | D:3      | Reached XP level 6. HP: 46/51 MP: 5/5
  3434 | D:4      | Found a staircase to the Ecumenical Temple.
  3454 | D:4      | Reached skill level 6 in Long Blades
  3495 | Temple   | Entered the Ecumenical Temple
  3878 | D:4      | Found a burning altar of Makhleb.
  4041 | D:4      | Reached skill level 7 in Long Blades
  4045 | D:4      | Reached XP level 7. HP: 57/57 MP: 5/5
  4285 | D:4      | Found a burning altar of Makhleb.
  4345 | D:4      | Found a basalt altar of Yredelemnul.
  4530 | D:5      | Entered Level 5 of the Dungeon
  5394 | D:5      | Reached skill level 8 in Long Blades
  5808 | D:5      | Found a stormy altar of Qazlal.
  5859 | D:5      | Noticed Ijyb
  5868 | D:5      | Killed Ijyb
  6468 | D:6      | Reached XP level 8. HP: 42/63 MP: 6/6
  6699 | D:6      | Found a white marble altar of Elyvilon.
  7044 | D:6      | Reached skill level 9 in Long Blades
  7405 | D:7      | Noticed Menkaure
  7415 | D:7      | Mangled by Menkaure

Action                   |  1- 3 |  4- 6 |  7- 9 || total
-------------------------+-------+-------+-------++-------
Melee: Long sword        |   176 |   124 |   266 ||   566
Throw: Javelin           |    14 |    19 |    16 ||    49
  Use: Scroll            |       |       |     9 ||     9
       Potion            |       |       |     1 ||     1
  Eat: Chunk             |     3 |     5 |     7 ||    15
       Royal jelly       |       |       |     1 ||     1
